 Dungeon Crawl Stone Soup version 0.30-a0-937-ga0a21ad780 (webtiles) character file.

Game seed: 8862776506451788414

47 HilariousDeathArtist the Trooper (level 3, -3/31 HPs)
             Began as a Human Chaos Knight on Mar 24, 2023.
             Was a Plaything of Xom.
             Engulfed by a fire crab (shapeshifter)'s flame (31 damage)
             ... on level 2 of the Dungeon.
             The game lasted 00:01:15 (958 turns).

HilariousDeathArtist the Trooper (HuCK)              Turns: 958, Time: 00:01:16

Health: -3/31      AC:  5    Str: 14    XL:     3   Next: 97%
Magic:  3/3        EV: 11    Int: 12    God:    Xom [..*...]
Gold:   46         SH:  0    Dex: 12    Spells: 2/2 levels left

rFire   . . .      SeeInvis .    a - +1 hand axe (chaos)
rCold   . . .      Faith    .    (no shield)
rNeg    . . .      Spirit   .    b - +2 leather armour
rPois   .          Reflect  .    (no helmet)
rElec   .          Rampage  .    (no cloak)
rCorr   .                        (no gloves)
Will    .....                    (no boots)
Stlth   +                        (no amulet)
HPRegen 0.25/turn                (no ring)
MPRegen 0.08/turn                (no ring)

@: no status effects
A: no striking features
a: Renounce Religion


You were on level 2 of the Dungeon.
You worshipped Xom.
You were a toy of Xom.
You visited 1 branch of the dungeon, and saw 3 of its levels.

You collected 46 gold pieces.

Inventory:

Hand Weapons
 a - a +1 hand axe of chaos (weapon)
Missiles
 s - 3 stones (quivered)
Armour
 b - a +2 leather armour (worn)
Scrolls
 d - a scroll of fear {unknown}
 f - a scroll of noise {unknown}
 h - a scroll of identify {unknown}
 k - a scroll of teleportation {unknown}
Potions
 e - 2 potions of haste {unknown}
 g - a potion of heal wounds {unknown}
Miscellaneous
 c - a piece from Xom's chessboard (15/15)


   Skills:
 + Level 4.5 Fighting
 - Level 3.0 Axes
 - Level 2.0 Armour
 - Level 1.0 Dodging


You had 2 spell levels left.
You didn't know any spells.
Your spell library was empty.

Dungeon Overview and Level Annotations

Branches:
Dungeon (3/15)

Altars:

Shops:
D:1 :


Message History

The bat explodes!
A giant cockroach comes into view.
A giant cockroach is nearby!
A giant cockroach is nearby!
You throw a stone.
The stone hits the giant cockroach but does no damage.
A giant cockroach comes into view.
You barely miss the giant cockroach.
A giant cockroach comes into view.
You barely miss the giant cockroach.
You hit the giant cockroach but do no damage.
The giant cockroach closely misses you. The giant cockroach bites you.
You take 1 damage, and have 30/31 hp.
You closely miss the giant cockroach. You barely miss the giant cockroach.
The giant cockroach misses you.
The giant cockroach bites you but does no damage. x2
You hit the giant cockroach but do no damage.
You barely miss the giant cockroach.
The giant cockroach bites you but does no damage.
The giant cockroach misses you.
The giant cockroach bites you but does no damage.
You hit the giant cockroach. You burn the giant cockroach.
You hit the giant cockroach.
The giant cockroach completely misses you.
The giant cockroach bites you but does no damage.
You hit the giant cockroach.
You hit the giant cockroach but do no damage.
The giant cockroach barely misses you. The giant cockroach closely misses you.
The giant cockroach bites you but does no damage.
Health restored: 31 You hit the giant cockroach.
You freeze the giant cockroach.
You kill the giant cockroach!
You barely miss the giant cockroach.
The giant cockroach bites you but does no damage.
The giant cockroach closely misses you.
You closely miss the giant cockroach. You hit the giant cockroach.
You freeze the giant cockroach.
The giant cockroach bites you but does no damage.
A giant cockroach comes into view.
The giant cockroach completely misses you.
The giant cockroach bites you but does no damage.
You hit the giant cockroach.
You kill the giant cockroach!
You closely miss the giant cockroach. The giant cockroach misses you.
The giant cockroach waves its antennae.
A giant cockroach comes into view.
You hit the giant cockroach. You freeze the giant cockroach.
You kill the giant cockroach!
You barely miss the giant cockroach.
The giant cockroach bites you but does no damage.
You hit the giant cockroach but do no damage.
The giant cockroach waves its antennae.
The giant cockroach completely misses you.
The giant cockroach closely misses you.
You barely miss the giant cockroach. x2
The giant cockroach closely misses you.
The giant cockroach bites you but does no damage.
You completely miss the giant cockroach.
You closely miss the giant cockroach. The giant cockroach barely misses you.
The giant cockroach bites you but does no damage.
You hit the giant cockroach but do no damage. x2
The giant cockroach barely misses you. The giant cockroach bites you.
The giant cockroach closely misses you. The giant cockroach bites you.
You take 3 damage, and have 28/31 hp.
You hit the giant cockroach but do no damage.
Space warps horribly around the giant cockroach!
You kill the giant cockroach!
You barely miss the giant cockroach.
The giant cockroach bites you but does no damage.
You hit the giant cockroach.
The giant cockroach bites you but does no damage. x2
You hit the giant cockroach.
You kill the giant cockroach!
You hit the giant cockroach but do no damage.
The giant cockroach bites you but does no damage.
The giant cockroach closely misses you.
You barely miss the giant cockroach. The giant cockroach closely misses you.
You barely miss the giant cockroach.
The giant cockroach barely misses you. x2
You hit the giant cockroach. You burn the giant cockroach.
The giant cockroach bites you.
You closely miss the giant cockroach. The giant cockroach misses you.
A giant cockroach comes into view.
You slash the giant cockroach!
You kill the giant cockroach!
You throw a stone.
The stone barely misses the giant cockroach.
The giant cockroach closely misses you.
You hit the giant cockroach.
The giant cockroach changes into a shapeshifter!
The shapeshifter changes into a fire crab!
You hit the fire crab.
The fire crab is poisoned.
The fire crab bites you but does no damage.
The fire crab completely misses you.
You hit the fire crab. Your punch misses the fire crab.
The fire crab breathes flames at you. The blast of flame engulfs you.
You hit the fire crab.
You are engulfed in blazing flames.
Ouch! That really hurt!
You die...
Xom snickers!

.# ....
.#.#
###.#.#
...#.#
#°°#.#
#t##.#
#@°°.#
#°°°.#
#°##.#
#.#<.#
#.####
... ..#
####


You could see a fire crab shaped shifter (very poisoned).

Vanquished Creatures
  A gnoll (D:1)
  A dart slug (D:1)
  A ball python (D:1)
  2 endoplasms (D:1)
  10 giant cockroaches
  A goblin (D:1)
  4 kobolds (D:1)
  2 quokkas
  3 bats
  2 frilled lizards
  4 rats (D:1)
31 creatures vanquished.

Vanquished Creatures (collateral kills)
  A hobgoblin (D:1)
1 creature vanquished.

Grand Total: 32 creatures vanquished

Notes
Turn   | Place    | Note
-------+----------+-------------------------------------------
     0 | D:1      | HilariousDeathArtist the Human Chaos Knight began the quest
                  | for the Orb.
     0 | D:1      | Reached XP level 1. HP: 18/18 MP: 1/1
   102 | D:2      | Found a faded altar of an unknown god.
   240 | D:1      | Reached XP level 2. HP: 23/24 MP: 2/2
   249 | D:1      | XOM: silly message
   498 | D:1      | Found Wamis's Book Shop.
   524 | D:1      | Reached skill level 4 in Fighting
   524 | D:1      | Reached XP level 3. HP: 27/30 MP: 3/3
   672 | D:1      | XOM: cloud trail
   955 | D:2      | a giant cockroach changed into a shapeshifter
   955 | D:2      | Noticed a shapeshifter (shapeshifter)
   955 | D:2      | a shapeshifter changed into a fire crab
   955 | D:2      | Noticed a fire crab (shapeshifter)
   958 | D:2      | Engulfed by a fire crab (shapeshifter)'s flame

Illustrated notes

Levels and vault maps discovered:
D:1:      amcnicky_arrival_single_pillar, layout_loops_ring, serial_shops,
          nicolae_square_shop, minmay_tetromino_s2
D:2:      minmay_roachtagon, layout_basic,
          hellmonk_ecumenical_altar_heavens_door, serial_rivers,
          chequers_serial_rivers_large_b, chequers_serial_rivers_micro_d,
          chequers_serial_rivers_small_3, chequers_serial_rivers_large_a,
          chequers_serial_rivers_marsh, kennysheep_generic_room_12
D:3:      layout_basic, mainiacjoe_overflow_alcove_1, uniq_sigmund

Skill      XL: |  1  2 |
---------------+-------+-----
Fighting       | 4 |  4.5
Axes           | |  3.0
Armour         | |  2.0
Dodging        | |  1.0

Action                     || total
---------------------------++-------
  Melee: Hand axe          ||    93
  Throw: Stone             ||    17
    Use: Scroll            ||     2
   Stab: Sleeping          ||     1
 Armour: Leather armour    ||    47
  Dodge: Dodged            ||    75

Table legend: (Time is in decaauts)
 A = Elapsed time spent in this place.
 B = Non-inter-level travel time spent in this place.
 C = Inter-level travel time spent in this place.
 D = Time resting spent in this place.
 E = Time spent auto-exploring this place.
 F = Levels seen in this place.
 G = Mean time per level.
                   A        B        C        D        E       F      G
               +--------+--------+--------+--------+--------+-----+--------+
         Total |    973 |    927 |     46 |     54 |    659 |   3 |  324.3 |
       Dungeon |    973 |    927 |     46 |     54 |    659 |   3 |  324.3 |
               +--------+--------+--------+--------+--------+-----+--------+

Top non-repeatable levels by time:
     D:1: 853 daAuts
     D:2: 118 daAuts
     D:3: 1 daAuts

Table legend:
 A = Kills in this place as a percentage of kills in the entire game.
 B = Kills by you in this place as a percentage of kills by you in the entire game.
 C = Kills by friends in this place as a percentage of kills by friends in the entire game.
 D = Other kills in this place as a percentage of other kills in the entire game.
 E = Experience gained in this place as a percentage of experience gained in the entire game.
 F = Experience gained in this place divided by the number of levels of this place that you have seen.
                   A       B       C       D       E      F
               +-------+-------+-------+-------+-------+----------------------
         Total | 100.0 | 100.0 | 100.0 |   N/A | 100.0 |  22.7
       Dungeon | 100.0 | 100.0 | 100.0 |   N/A | 100.0 |  22.7
               +-------+-------+-------+-------+-------+----------------------
